 Dungeon Crawl Stone Soup version 0.29-a0-542-g075992c915 (webtiles) character file.

Game seed: 6391610632663464330

376 Bruhh the Ruffian (level 6, -4/55 HPs)
             Began as a Troll Gladiator on June 3, 2022.
             Slain by a wyvern (9 damage)
             ... on level 4 of the Dungeon.
             The game lasted 00:04:43 (2519 turns).

Bruhh the Ruffian (Troll Gladiator)                 Turns: 2519, Time: 00:04:44

Health: -4/55      AC:  4    Str: 25    XL:     6   Next: 44%
Magic:  5/5        EV: 10    Int:  4    God:
Gold:   207        SH:  0    Dex: 11    Spells: 5/5 levels left

rFire   . . .      SeeInvis +     - Unarmed
rCold   . . .      Faith    .   (no shield)
rNeg    . . .      Spirit   .   a - +0 robe
rPois   .          Reflect  .   b - +0 hat
rElec   .          Harm     .   (no cloak)
rCorr   .          Rampage  .   (gloves unavailable)
Will    .....                   (boots unavailable)
Stlth   +.........              (no amulet)
HPRegen 0.98/turn               p - ring of see invisible
MPRegen 0.09/turn               C - ring of flight

@: flying
A: large, unfitting armour, claws 3, regeneration 1, shaggy fur 1, tough skin 1
a: no special abilities


You were on level 4 of the Dungeon.
You visited 1 branch of the dungeon, and saw 5 of its levels.

You collected 207 gold pieces.

Inventory:

Missiles
 c - 3 throwing nets (quivered)
 d - a large rock
 u - 5 poisoned darts
 x - 2 silver javelins
 D - 6 boomerangs
Armour
 a - a +0 robe (worn)
 b - a +0 hat (worn)
Jewellery
 m - an amulet of magic regeneration
 p - a ring of see invisible (left claw)
 s - a ring of wizardry
 B - a ring of wizardry
 C - a ring of flight (right claw)
Wands
 j - a wand of iceblast (4)
Scrolls
 e - 2 scrolls of immolation
 h - 2 scrolls of poison
 n - 2 scrolls of teleportation
 q - 2 scrolls of vulnerability {unknown}
 r - a scroll of amnesia {unknown}
 v - a scroll of summoning {unknown}
 w - a scroll of blinking {unknown}
 y - a scroll of enchant weapon {unknown}
Potions
 f - a potion of curing
 g - 2 potions of mutation {unknown}
 i - a potion of attraction {unknown}
 k - a potion of might {unknown}
 l - a potion of resistance {unknown}
 o - a potion of invisibility {unknown}
 t - 2 potions of flight {unknown}
 z - a potion of magic {unknown}
 A - 2 potions of haste {unknown}


   Skills:
 - Level 1.5 Fighting
 - Level 1.7 Throwing
 - Level 2.4 Dodging
 + Level 7.3 Unarmed Combat


You had 5 spell levels left.
You didn't know any spells.
Your spell library contained the following spells:

 Spells                   Type           Power      Damage    Failure   Level
 Shock                    Conj/Air       0%         1d3       50%         1
 Blink                    Tloc           0%         N/A       65%         2
 Lesser Beckoning         Tloc           0%         N/A       86%         3
 Swiftness                Air            0%         N/A       86%         3
 Airstrike                Air            0%         N/A       99%         4
 Manifold Assault         Tloc           0%         N/A       100%        5


Dungeon Overview and Level Annotations

Branches:
Dungeon (5/15)
 Temple: D:4-7

Altars:
Trog
Vehumet

Shops:
D:1 *?((


Innate Abilities, Weirdness & Mutations

You are too large for most types of armour.
You have claws for hands.
Your natural rate of healing is unusually fast.
You are covered in fur. (AC +1)
You have tough skin. (AC +1)


Message History

HP restored.
f - 4 fizzy green potions (gained 2)
Things that are here:
a +0 club; a +0 club; a goblin corpse
Things that are here:
a +0 leather armour; a +0 falchion; an orc corpse
f - 5 fizzy green potions (gained 1);
h - 2 scrolls of poison (gained 1)
You now have 207 gold pieces (gained 15).
j - a wand of iceblast (4)
Things that are here:
23 stones; a +0 short sword; an orc corpse
Found 5 javelins.
Found an escape hatch in the floor.
A wyvern comes into view.
Found a cloak.
A wyvern is nearby!
A wyvern is nearby!
Found 5 gold pieces.
The wyvern hisses angrily.
The wyvern completely misses you.
You closely miss the wyvern. The wyvern bites you!
You claw the wyvern!
The wyvern is heavily wounded.
The wyvern bites you!! The wyvern bites you!
* * * LOW HITPOINT WARNING * * *
Unknown command.
You are too injured to fight recklessly!
You are too injured to fight recklessly!
Okay, then.
It was a potion of curing.
You feel better.
The wyvern bites you but does no damage.
You feel better. The wyvern bites you!
* * * LOW HITPOINT WARNING * * *
The wyvern barely misses you.
You feel better. The wyvern bites you!
* * * LOW HITPOINT WARNING * * *
You feel better. The wyvern bites you!
* * * LOW HITPOINT WARNING * * *
The wyvern bites you!
You die...

##############
#######
##............#
......#
##.###...#########.#
#####.# #.[..l@...#
#.# #.# ##...#....#
##.## #.#
#..#....#.#
####...### #.# #.$
##...#.# #.........
#.###..
+#.........##...##.
#.##.. ##....##..
##..... #.##.##
##....... #####.
#.##..## #.......#
##. #.#....## #....#
#.#######..


You could see a wyvern.

Vanquished Creatures
  2 lemures (D:4)
  A necrophage (D:4)
  A scorpion (D:3)
  A jelly (D:4)
  An orc priest (D:4)
  A hound (D:4)
  An iguana (D:3)
  An orc wizard (D:3)
  2 adders
  A gnoll (D:1)
  2 worms
  4 dart slugs
  7 orcs
  3 endoplasms
  2 giant cockroaches
  8 hobgoblins
  6 jackals (D:1)
  10 kobolds
  2 quokkas
  5 ball pythons
  4 bats
  5 frilled lizards
  7 goblins
  5 rats
82 creatures vanquished.

Vanquished Creatures (others)
  An orc (D:4)
1 creature vanquished.

Grand Total: 83 creatures vanquished

Notes
Turn   | Place    | Note
-------+----------+-------------------------------------------
     0 | D:1      | Bruhh the Troll Gladiator began the quest for the Orb.
     0 | D:1      | Reached XP level 1. HP: 19/19 MP: 0/0
    20 | D:1      | Found Oraumeit's Weapon Shoppe.
    55 | D:1      | Reached XP level 2. HP: 26/27 MP: 1/1
    90 | D:1      | Found Banieh's Antique Weapon Boutique.
   172 | D:1      | Found Medept's General Store.
   219 | D:1      | Reached skill level 4 in Unarmed Combat
   244 | D:1      | Reached XP level 3. HP: 33/33 MP: 2/2
   467 | D:1      | Found Onyu's Magic Scroll Emporium.
   480 | D:1      | Found a faded altar of an unknown god.
   840 | D:2      | Reached XP level 4. HP: 41/41 MP: 3/3
   869 | D:2      | Reached skill level 5 in Unarmed Combat
  1176 | D:3      | Reached XP level 5. HP: 10/48 MP: 4/4
  1249 | D:3      | Found a bloodstained altar of Trog.
  1425 | D:3      | You fall into a shaft and drop 2 floors!
  1425 | D:5      | Entered Level 5 of the Dungeon
  1598 | D:4      | Found a radiant altar of Vehumet.
  1617 | D:4      | Reached skill level 6 in Unarmed Combat
  1759 | D:4      | Noticed a lemure
  1759 | D:4      | Noticed a lemure
  2016 | D:4      | Killed a lemure
  2026 | D:4      | Killed a lemure
  2164 | D:3      | Reached XP level 6. HP: 55/55 MP: 5/5
  2281 | D:4      | Reached skill level 7 in Unarmed Combat
  2510 | D:4      | Noticed a wyvern
  2519 | D:4      | Slain by a wyvern

Illustrated notes

Levels and vault maps discovered:
D:1:      ncdulo_wetmaze, layout_loops_cross, serial_shops,
          nicolae_shop_overgrown_old_shop, nicolae_shop_window_shopping, shop,
          shop, hellmonk_ecumenical_altar_crossroads, minmay_misc_feat_square
D:2:      layout_rooms
D:3:      layout_rooms, mainiacjoe_overflow_six_doors_small
D:4:      layout_loops_ring, vehumet_crystals, nemelex_diamond_rough_becter,
          uniq_pikel
D:5:      layout_gridville, riverfiend_overflow_shadow_ancestor,
          nicolae_stop_n_shop_1, sigmund_army

Skill      XL: |  1  2  3  4  5  6 |
---------------+-------------------+-----
Unarmed Combat | 4 5 6 7 |  7.3
Fighting       | |  1.5
Throwing       | |  1.7
Dodging        | |  2.4

Action                   |  1- 3 |  4- 6 || total
-------------------------+-------+-------++-------
Melee: Unarmed           |   116 |   114 ||   230
       Punch             |       |     5 ||     5
  Use: Scroll            |       |     3 ||     3
       Potion            |       |     4 ||     4
 Stab: Sleeping          |     1 |     1 ||     2
Armor: Robe              |    26 |    22 ||    48
Dodge: Dodged            |    46 |    77 ||   123

Table legend: (Time is in decaauts)
 A = Elapsed time spent in this place.
 B = Non-inter-level travel time spent in this place.
 C = Inter-level travel time spent in this place.
 D = Time resting spent in this place.
 E = Time spent auto-exploring this place.
 F = Levels seen in this place.
 G = Mean time per level.
                   A        B        C        D        E       F      G
               +--------+--------+--------+--------+--------+-----+--------+
         Total |   2508 |   2466 |     42 |    246 |   1589 |   5 |  501.6 |
       Dungeon |   2508 |   2466 |     42 |    246 |   1589 |   5 |  501.6 |
               +--------+--------+--------+--------+--------+-----+--------+

Top non-repeatable levels by time:
     D:3: 797 daAuts
     D:1: 683 daAuts
     D:4: 505 daAuts
     D:2: 408 daAuts
     D:5: 113 daAuts
